 Dungeon Crawl Stone Soup version 0.30-b1-2-g02819fbbbe (webtiles) character file.

Game seed: 16465320732006668032

3038 Metae the Blocker (level 9, -6/81 HPs)
             Began as a Minotaur Fighter on July 4, 2023.
             Was a Follower of Uskayaw.
             Mangled by a hornet (9 damage)
             ... on level 8 of the Dungeon.
             The game lasted 00:16:16 (8187 turns).

Metae the Blocker (Minotaur Fighter)                Turns: 8187, Time: 00:16:16

Health: -6/81      AC: 20    Str: 24    XL:     9   Next: 56%
Magic:  7/10       EV:  8    Int:  5    God:    Uskayaw [*.....]
Gold:   424        SH:  5    Dex: 11    Spells: 8/8 levels left

rFire   . . .        a - +0 morningstar
rCold   . . .        c - +0 buckler
rNeg    . . .        Q - +0 plate armour
rPois   .            (helmet restricted)
rElec   .            e - +0 cloak
rCorr   .            z - +0 pair of gloves
SInv    .            (no boots)
Will    .....        (no amulet) Stlth
                     u - +4 ring of protection
HPRegen 0.33/turn    (no ring)
MPRegen 0.12/turn

%: no passive effects
@: lethally poisoned (-6 -> -10), slowed, very slow
A: horns 2, retaliatory headbutt
a: Renounce Religion, Stomp


You were on level 8 of the Dungeon.
You worshipped Uskayaw.
Uskayaw was noncommittal.
You visited 2 branches of the dungeon, and saw 9 of its levels.

You collected 424 gold pieces.

Inventory:

Hand Weapons
 a - a +0 morningstar (weapon)
 b - a +2 sling of draining
Missiles
 q - a boomerang (quivered)
 J - 6 poisoned darts
 L - 36 stones
Armour
 c - a +0 buckler (worn)
 e - a +0 cloak (worn)
 z - a +0 pair of gloves (worn)
 Q - a +0 plate armour (worn)
Jewellery
 s - a ring of fire
 u - a +4 ring of protection (left hand)
Wands
 y - a wand of light (8)
 D - a wand of mindburst (10)
 P - a wand of polymorph (5)
Scrolls
 g - 3 scrolls of torment {unknown}
 h - 4 scrolls of teleportation
 i - a scroll of magic mapping {unknown}
 j - 4 scrolls of identify {unknown}
 k - 2 scrolls of fear {unknown}
 m - a scroll of poison {unknown}
 o - 2 scrolls of noise {unknown}
 p - a scroll of brand weapon {unknown}
 r - a scroll of butterflies {unknown}
 t - 2 scrolls of vulnerability {unknown}
 x - 2 scrolls of enchant weapon {unknown}
 A - a scroll of enchant armour {unknown}
 B - a scroll of immolation {unknown}
 G - a scroll of blinking {unknown}
 H - a scroll of silence {unknown}
 N - a scroll of acquirement {unknown}
Potions
 d - 2 potions of might
 f - 2 potions of cancellation {unknown}
 l - 2 potions of magic {unknown}
 n - 2 potions of curing
 v - 2 potions of flight {unknown}
 w - 3 potions of heal wounds {unknown}
 C - a potion of lignification {unknown}
 E - a potion of attraction {unknown}
 F - a potion of mutation {unknown}
 I - a potion of haste {unknown}
 M - a potion of invisibility {unknown}
 O - a potion of degeneration {unknown}


   Skills:
 + Level 7.8 Fighting
 + Level 7.3 Maces & Flails
 + Level 7.9 Armour
 + Level 6.1 Dodging
 + Level 8.0 Shields
 + Level 3.0 Invocations


You had 8 spell levels left.
You didn't know any spells.
Your spell library contained the following spells:

 Spells                   Type           Power      Damage    Failure   Level
 Kiss of Death            Conj/Necr      0%         2d5       100%        1
 Sandblast                Erth           0%         2d4       100%        1
 Shock                    Conj/Air       0%         1d3       100%        1
 Passwall                 Tmut/Erth      0%         N/A       100%        2
 Confusing Touch          Hex            0%         N/A       100%        3
 Stone Arrow              Conj/Erth      0%         3d7       100%        3
 Swiftness                Air            0%         N/A       100%        3
 Airstrike                Air            0%         2d(0-16)  100%        4
 Dispel Undead            Necr           0%         3d6       100%        4


Dungeon Overview and Level Annotations

Branches:
Dungeon (8/15)             Temple (1/1) D:6
   Lair: D:8-11

Altars:
Ashenzari
Cheibriados
Dithmenos
Elyvilon
Fedhas
Gozag
Hepliaklqana
Kikubaaqudgha
Makhleb
Nemelex Xobeh
Okawaru
Qazlal
Ru
Sif Muna
Trog
Uskayaw
Vehumet
Wu Jian
Xom
Yredelemnul
Zin
The Shining One

Shops:
D:4 :

Annotations:
D:5 2 transporters, kwasso's ghost, amateur DsWn


Innate Abilities, Weirdness & Mutations

You have a pair of horns on your head.
You reflexively headbutt those who attack you in melee.


Message History

You feel sick. The hornet barely misses you. The hornet stings you.
You are more poisoned.
You feel as though you will be slow longer.
The hornet closely misses you.
You puncture the hornet!
The hornet is severely wounded.
You feel very sick.
The hornet stings you but does no damage.
The hornet stings you.
* * * LOW HITPOINT WARNING * * *
You feel as though you will be slow longer.
You can now pass through a line of other dancers.
You stomp with the beat, sending a shockwave through the revellers around you!
The hornet is severely wounded.
You can no longer pass through a line of other dancers.
You feel very sick.
The hornet stings you but does no damage. x2
The hornet stings you.
* * * LOW HITPOINT WARNING * * *
You feel as though you will be slow longer.
You feel better. You block the hornet's attack. The hornet stings you.
* * * LOW HITPOINT WARNING * * *
You feel as though you will be slow longer.
You barely miss the hornet.
The hornet is severely wounded.
The hornet stings you.
* * * LOW HITPOINT WARNING * * *
You are lethally poisoned!
You suddenly lose the ability to move!
The hornet stings you but does no damage.
* * * LOW HITPOINT WARNING * * *
You feel very sick.
The hornet stings you but does no damage. x2
You can move again.
You barely miss the hornet.
The hornet is severely wounded.
* * * LOW HITPOINT WARNING * * *
You feel very sick. The hornet stings you!
You die...

###..#. .#...##
#.#.....#...####..#
...#..#..#.........#
.#####.#####.###....
#[.[.[#..⌠..# ...
:#.....#.....#.##
....(...⌠.⌠.⌠....
.#.....#.....#..#
#?...!#.@⌠..#..#
###.#####y### .# ...
.... # #.. ##..# ...
#... .#. ##.# #


You could see a hornet.

Vanquished Creatures
  Eustachio (D:6)
  A wyvern (D:8)
  A steam dragon (D:7)
  Edmund (D:4)
  2 water moccasins
  4 ice beasts
  An orc warrior (D:8)
  A sky beast (D:7)
  2 black bears (D:4)
  3 ogres
  A centaur (D:7)
  A phantom (D:5)
  2 bullfrogs
  4 scorpions
  A howler monkey (D:6)
  3 orc priests
  A gnoll bouda (D:7)
  2 hounds
  An iguana (D:6)
  4 jellies
  Ijyb (D:5)
  3 orc wizards
  Robin (D:2)
  9 adders
  7 gnolls (D:7)
  A shadow imp (D:6)
  An ufetubus (D:7)
  3 worms
  3 dart slugs
  23 orcs
  3 ball pythons
  12 endoplasms
  4 giant cockroaches
  15 goblins
  15 hobgoblins
  8 jackals
  4 quokkas
  6 bats
  4 frilled lizards
  18 kobolds
  2 rats
180 creatures vanquished.

Vanquished Creatures (others)
  A gnoll (D:7)
  2 fungi (D:4)
  7 toadstools (D:4)
10 creatures vanquished.

Grand Total: 190 creatures vanquished

Notes
Turn   | Place    | Note
-------+----------+-------------------------------------------
     0 | D:1      | Metae the Minotaur Fighter began the quest for the Orb.
     0 | D:1      | Reached XP level 1. HP: 19/19 MP: 0/0
   254 | D:1      | Reached XP level 2. HP: 27/27 MP: 1/1
   601 | D:1      | Reached skill level 1 in Dodging
   842 | D:2      | Reached skill level 4 in Shields
   842 | D:2      | Reached XP level 3. HP: 32/33 MP: 2/2
   955 | D:2      | Found a snail-covered altar of Cheibriados.
  1017 | D:2      | Noticed Robin
  1265 | D:2      | Killed Robin
  1280 | D:2      | Reached XP level 4. HP: 24/40 MP: 3/3
  1792 | D:3      | Noticed an ogre
  2275 | D:3      | Reached XP level 5. HP: 44/47 MP: 4/4
  2308 | D:3      | Killed an ogre
  2578 | D:3      | Reached XP level 6. HP: 55/55 MP: 5/5
  3137 | D:4      | Noticed Edmund
  3148 | D:4      | Reached skill level 5 in Armour
  3148 | D:4      | Reached skill level 5 in Shields
  3151 | D:4      | Killed Edmund
  3152 | D:4      | Reached skill level 5 in Fighting
  3338 | D:4      | Reached XP level 7. HP: 51/61 MP: 6/6
  3815 | D:4      | Found Baumux's Vocational Training.
  3918 | D:4      | Reached skill level 5 in Maces & Flails
  4164 | D:5      | Entered Level 5 of the Dungeon
  4174 | D:4      | HP: 2/62 [orc/+0 flail (6)]
  4387 | D:5      | Reached skill level 6 in Shields
  4518 | D:5      | Noticed Ijyb
  4528 | D:5      | Killed Ijyb
  4749 | D:5      | Reached XP level 8. HP: 45/70 MP: 7/7
  5124 | D:5      | Noticed kwasso's ghost (amateur DsWn)
  5130 | D:5      | Found a transporter.
  5141 | D:5      | Found a transporter.
  5636 | D:6      | Found a basalt altar of Yredelemnul.
  5701 | D:6      | Reached skill level 5 in Dodging
  5702 | D:6      | Found a staircase to the Ecumenical Temple.
  5735 | Temple   | Entered the Ecumenical Temple
  5914 | Temple   | Became a worshipper of Uskayaw the Reveller
  5955 | D:6      | Noticed Eustachio
  5958 | D:6      | Reached * piety under Uskayaw
  5961 | D:6      | Reached ** piety under Uskayaw
  6027 | D:6      | Killed Eustachio
  6028 | D:6      | Reached skill level 7 in Shields
  6028 | D:6      | Reached skill level 1 in Invocations
  6794 | D:7      | Reached XP level 9. HP: 46/79 MP: 9/9
  6945 | D:7      | Reached *** piety under Uskayaw
  6955 | D:7      | Reached **** piety under Uskayaw
  8048 | D:8      | Found a radiant altar of Vehumet.
  8087 | D:8      | Reached skill level 8 in Shields
  8185 | D:8      | Paralysed by a hornet for 2 turns
  8187 | D:8      | HP: 3/81 [poisoned by a hornet]
  8187 | D:8      | Mangled by a hornet

Illustrated notes

Levels and vault maps discovered:
D:1:      ebering_trefoil_twist, layout_loops_ring, grunt_decor_one_mirror
D:2:      layout_rooms, basic_altar, nicolae_titane, uniq_robin
D:3:      layout_loops_ring
D:4:      cheibrodos_fertilizer, layout_loops_corners, nicolae_shop_vocational,
          uniq_edmund
D:5:      layout_gridville, gammafunk_ghost_stat_death, st_stairs_13, uniq_ijyb
D:6:      layout_cave_pods, lemuel_crystal_altar, minmay_temple_entry_offerings,
          uniq_eustachio
D:7:      nicolae_cairo_tiling_large_dashed, layout_basic
D:8:      layout_loops_cross, fiery_altar_vehumet, minmay_chambers_of_fives
Temple:   nicolae_temple_slightly_damp_pantheon

Skill      XL: |  1  2  3  4  5  6  7  8  9 |
---------------+----------------------------+-----
Dodging        | 1 2 3 4 5 6 |  6.1
Fighting       | 4 5 6 7 |  7.8
Armour         | 4 5 6 7 |  7.9
Shields        | 4 5 6 7 8 |  8.0
Maces & Flails | 3 4 5 6 7 |  7.3
Invocations    | 1 3 |  3.0

Action                     |  1- 3 |  4- 6 |  7- 9 || total
---------------------------+-------+-------+-------++-------
  Melee: Flail             |   107 |   112 |       ||   219
         Headbutt          |    17 |    20 |    45 ||    82
         Morningstar       |       |    46 |   221 ||   267
   Fire: Sling             |       |       |     2 ||     2
 Invoke: Stomp             |       |       |     1 ||     1
    Use: Potion            |       |       |     2 ||     2
         Scroll            |       |       |     1 ||     1
   Stab: Paralysed         |       |       |     3 ||     3
 Armour: Scale mail        |    62 |    73 |   109 ||   244
         Plate armour      |       |       |    13 ||    13
  Dodge: Dodged            |    62 |    81 |   137 ||   280
  Block: Buckler           |    33 |    27 |    70 ||   130
